 Dungeon Crawl Stone Soup version 0.32-a0-933-ga8fa363 (webtiles) character file.

Game seed: 12560494992019652637

26623 kasel the Mimic (level 13, -1/90 HPs)
             Began as an Octopode Shapeshifter on Apr 14, 2024.
             Was an Initiate of Gozag.
             Slain by a death yak (14 damage)
             ... on level 5 of the Lair of Beasts.
             The game lasted 00:25:23 (18475 turns).

kasel the Mimic (Octopode Shapeshifter)            Turns: 18475, Time: 00:25:24

Health: -1/90      AC:  5    Str: 14    XL:     13   Next: 27%
Magic:  0/13       EV: 22    Int: 12    God:    Gozag
Gold:   1456       SH:  0    Dex: 16    Spells: 12/12 levels left

rFire   + .          .
                       - Unarmed
rCold   + . .        (no shield)
rNeg    . . .        (helmet restricted)
rPois   .            i - amulet of guardian spirit
rElec   .            d - ring of protection from cold
rCorr   .            s - +4 ring of protection
SInv    .            C - ring of protection from fire
Will    .....        H - +5 ring of evasion
Stlth   +++          (no ring)
HPRegen 0.35/turn    (no ring)
MPRegen 0.13/turn    (no ring)
                     (no ring)

%: guardian spirit
@: maw-form, studying Unarmed Combat
A: devouring maw, almost no armour, amphibious, 8 rings, camouflage 1,
gelatinous body 1, (nimble swimmer 1), tentacles
a: Begin Untransformation, Renounce Religion, Potion Petition, Call Merchant,
Bribe Branch


You were on level 5 of the Lair of Beasts.
You worshipped Gozag.
Gozag was most pleased with you.
You were a creature with a mouth for a stomach.
You visited 3 branches of the dungeon, and saw 16 of its levels.

You collected 2511 gold pieces.
You spent 396 gold pieces at shops.
You paid 659 gold pieces to Gozag.

Inventory:

Missiles
 m - 39 poisoned darts
 A - 2 throwing nets
 D - a curare-tipped dart
Jewellery
 d - a ring of protection from cold (left tentacle)
 i - an amulet of guardian spirit (around mantle)
 s - a +4 ring of protection (right tentacle)
 C - a ring of protection from fire (on tentacle)
 H - a +5 ring of evasion (on tentacle)
Talismans
 M - a maw talisman (active)
Wands
 b - a wand of paralysis (11) (quivered)
 t - a wand of quicksilver (5)
 G - a wand of polymorph (5)
 J - a wand of digging (5)
 L - a wand of iceblast (6)
Scrolls
 g - a scroll of immolation
 l - 3 scrolls of vulnerability
 n - 3 scrolls of fear
 p - a scroll of enchant weapon
 r - a scroll of poison
 u - 2 scrolls of teleportation
 w - 2 scrolls of amnesia
 y - 2 scrolls of torment
 z - a scroll of revelation
 B - 5 scrolls of identify
 E - 2 scrolls of enchant armour
 F - 2 scrolls of fog
Potions
 a - 3 potions of lignification
 e - 2 potions of invisibility
 f - 3 potions of heal wounds
 h - 3 potions of might
 j - a potion of berserk rage
 k - 4 potions of enlightenment
 o - 6 potions of curing
 q - 2 potions of brilliance
 v - 3 potions of ambrosia
 x - 2 potions of attraction
 I - a potion of resistance {unknown}
Miscellaneous
 K - a condenser vane (inert)


   Skills:
 - Level 9.0 Fighting
 - Level 3.0 Throwing
 - Level 9.0 Dodging
 - Level 3.0 Stealth
 - Level 10.8 Unarmed Combat
 - Level 5.0 Evocations
 + Level 13.3 Shapeshifting


You had 12 spell levels left.
You didn't know any spells.
Your spell library contained the following spells:

 Spells                   Type           Power      Damage    Failure   Level
 Static Discharge         Conj/Air       0%         3-3/arc   45%         2
 Frozen Ramparts          Ice            0%         1d1       69%         3
 Ozocubu's Armour         Ice            0%         N/A       69%         3
 Airstrike                Air            0%         2d(0-16)  97%         4
 Summon Blazeheart Golem  Fire/Summ      0%         N/A       97%         4
 Summon Lightning Spire   Summ/Air       0%         N/A       97%         4
 Metabolic Englaciation   Hex/Ice        0%         N/A       100%        5
 Haunt                    Necr/Summ      0%         N/A       100%        7
 Orb of Destruction       Conj           0%         9d5       100%        7
 Spellforged Servitor     Conj/Summ      0%         N/A       100%        7
 Infestation              Necr           0%         N/A       100%        8
 Animate Dead             Necr           Unusable   N/A       N/A         4

Dungeon Overview and Level Annotations

Branches:
Dungeon (10/15)            Temple (1/1) D:6            Lair (5/5) D:9
 Shoals (0/4) Lair:2       Spider (0/4) Lair:3        Slime (0/5) Lair:5
    Orc (0/2) D:9

Altars:
Ashenzari
Cheibriados
Dithmenos
Elyvilon
Fedhas
Gozag
Hepliaklqana
Kikubaaqudgha
Makhleb
Nemelex Xobeh
Okawaru
Qazlal
Ru
Sif Muna
Trog
Uskayaw
Vehumet
Wu Jian
Xom
Yredelemnul
Zin
The Shining One

Shops:
D:6 =   D:10 *

Annotations:
D:2 1 runed translucent door, Crazy Yiuf
D:4 1 runed translucent door, ooops's ghost, amateur CoGl
Lair:3 exclusion: hydra
Lair:4 exclusion: hydra
Lair:5 exclusion: door


Innate Abilities, Weirdness & Mutations

You are a creature with a mouth for a stomach.
Your midsection houses a second, enormous mouth.
You cannot wear most types of armour.
You are amphibious.
You can wear up to eight rings at the same time.
Your skin changes colour to match your surroundings (Stealth+).
Your rubbery body absorbs attacks. (AC +1, EV +1)
((You are camouflaged when in or above water. (Stealth+)))
You have tentacles for arms and can constrict up to eight enemies at once.


Message History

You bite the death yak!
The death yak is heavily wounded.
The death yak is engulfed in excruciating misery.
The death yak closely misses you.
The yak is engulfed in noxious fumes.
The yak appears confused.
The yak gores the yak but does no damage.
The death yak is engulfed in noxious fumes.
The death yak is engulfed in freezing vapours. x2
You tentacle-slap the death yak but do no damage.
You squeeze the death yak! You bite the death yak.
The death yak is severely wounded.
Unknown command.
You barely miss the death yak.
You tentacle-slap the death yak, but do no damage.
The death yak is severely wounded.
The death yak is engulfed in freezing vapours.
The death yak is engulfed in excruciating misery.
The death yak gores you! The death yak closely misses you.
The yak is engulfed in noxious fumes.
The yak appears confused.
The yak is engulfed in noxious fumes.
The yak appears confused.
The death yak is engulfed in freezing vapours.
Unknown command.
You are too injured to fight recklessly!
You tentacle-slap the death yak but do no damage.
You bite the death yak!
The death yak is almost dead.
The death yak is engulfed in excruciating misery.
The death yak gores you!!
* * * LOW HITPOINT WARNING * * *
The death yak is engulfed in excruciating misery.
The death yak closely misses you.
The yak is engulfed in freezing vapours.
The yak is engulfed in noxious fumes.
The yak gores the yak!
The death yak is engulfed in poison gas.
The death yak is poisoned.
The death yak gores you!
* * * LOW HITPOINT WARNING * * *
The death yak is engulfed in freezing vapours.
The death yak gores you!
You die...
Your body crumbles into a pile of gold.

... ... ....
.......# ...
..." ......P# ..
.... ......P ..
... .....## .
#.. ..#..# #
.#.#.§###$..P#
....§YYY....#
....YYYW....#
..§.Y§YYP#..#
......Y§P#P.#
...§§....#..##
......####...###
..##..#####....#
. #..........##
.. ..........##
.. .........##


You could see 6 death yaks and 4 yaks.

Vanquished Creatures
  2 hydras (Lair:4)
  3 death yaks (Lair:4)
  2 skysharks
  An orb spider (Lair:3)
  2 manticores (Lair:2)
  10 elephants
  2 black mambas
  5 cane toads
  A rime drake (Lair:1)
  3 komodo dragons
  3 kobold demonologists (D:10)
  A polar bear (Lair:1)
  Grinder (D:5)
  A hornet (D:9)
  14 blink frogs
  A slime creature (Lair:5)
  Sigmund (D:3)
  19 yaks
  3 wyverns
  2 basilisks
  3 wraiths
  4 steam dragons
  Edmund (D:5)
  2 acid dragons
  6 water moccasins
  Duvessa (D:4)
  An ice beast (D:5)
  6 orc warriors
  A black bear (D:5)
  2 sky beasts
  2 centaurs (D:7)
  Blork the orc (D:4)
  5 kobold brigands
  2 gnoll sergeants
  A scorpion (D:4)
  11 bullfrogs
  12 wights
  Dowan (D:4)
  9 howler monkeys
  6 electric eels (D:6)
  4 bombardier beetles
  5 crimson imps (D:8)
  10 orc priests
  2 hounds
  3 jellies (Lair:5)
  A gnoll bouda (D:8)
  2 sleepcaps
  2 iguanas
  Natasha (D:3)
  11 orc wizards
  11 gnolls
  10 adders
  A shadow imp (D:8)
  4 white imps
  2 ufetubi (D:7)
  4 dart slugs
  2 ribbon worms
  49 orcs
  3 ball pythons
  8 bats
  11 endoplasms
  2 giant cockroaches
  5 goblins
  6 hobgoblins
  4 jackals (D:1)
  5 quokkas
  A frilled lizard (D:1)
  12 kobolds
  5 rats
  A spectral orc (D:9)
341 creatures vanquished.

Vanquished Creatures (others)
  5 dream sheep (D:7)
  A gnoll (D:6)
6 creatures vanquished.

Grand Total: 347 creatures vanquished

Notes
Turn   | Place    | Note
-------+----------+-------------------------------------------
     0 | D:1      | kasel the Octopode Shapeshifter began the quest for the
                  | Orb.
     0 | D:1      | Reached XP level 1. HP: 13/13 MP: 1/1
    28 | D:1      | Reached skill level 1 in Stealth
    49 | D:1      | Reached XP level 2. HP: 18/18 MP: 2/2
   557 | D:1      | Reached XP level 3. HP: 24/24 MP: 3/3
   879 | D:2      | Reached XP level 4. HP: 30/30 MP: 4/4
  1284 | D:2      | Found a runed translucent door.
  1285 | D:2      | Noticed Crazy Yiuf
  1714 | D:3      | Reached XP level 5. HP: 26/37 MP: 2/5
  1944 | D:3      | Found a sparkling altar of Nemelex Xobeh.
  2101 | D:3      | Noticed Natasha
  2110 | D:3      | Killed Natasha
  2111 | D:3      | Reached XP level 6. HP: 44/44 MP: 6/6
  2124 | D:3      | Noticed Sigmund
  2137 | D:3      | Found a basalt altar of Yredelemnul.
  2162 | D:3      | Killed Sigmund
  2163 | D:3      | Reached skill level 5 in Fighting
  2201 | D:3      | Noticed a sky beast
  2237 | D:3      | Killed a sky beast
  2238 | D:3      | Reached skill level 5 in Unarmed Combat
  2238 | D:3      | Reached XP level 7. HP: 23/50 MP: 4/7
  2469 | D:4      | Noticed Blork the orc
  2475 | D:4      | Killed Blork the orc
  2589 | D:4      | Reached skill level 1 in Throwing
  2619 | D:4      | Found a hide-covered altar of Uskayaw.
  2826 | D:4      | Noticed Duvessa
  2836 | D:4      | Noticed Dowan
  2840 | D:4      | Killed Duvessa
  2841 | D:4      | Reached XP level 8. HP: 28/57 MP: 4/8
  2846 | D:4      | Killed Dowan
  3042 | D:4      | Noticed ooops's ghost (amateur CoGl)
  3189 | D:4      | Found a runed translucent door.
  3479 | D:4      | Reached skill level 4 in Shapeshifting
  3626 | D:5      | Entered Level 5 of the Dungeon
  3904 | D:5      | Reached skill level 5 in Shapeshifting
  4241 | D:5      | Noticed Edmund
  4247 | D:5      | Killed Edmund
  4444 | D:5      | Reached skill level 6 in Shapeshifting
  4546 | D:5      | Noticed Grinder
  4581 | D:5      | Killed Grinder
  4582 | D:5      | Reached skill level 7 in Shapeshifting
  4814 | D:6      | Reached XP level 9. HP: 62/62 MP: 9/9
  5123 | D:6      | Found Velusm's Jewellery Emporium.
  5504 | D:6      | Found a staircase to the Ecumenical Temple.
  5529 | Temple   | Entered the Ecumenical Temple
  5611 | D:6      | Reached skill level 5 in Dodging
  6663 | D:6      | Bought a +4 ring of protection for 396 gold pieces
  7357 | D:7      | Reached skill level 1 in Evocations
  7510 | D:7      | Found a shimmering altar of Xom.
  7715 | D:7      | Found a burning altar of Makhleb.
  7716 | D:7      | Found an opulent altar of Gozag.
  7749 | D:7      | Found a broken altar of Ashenzari.
  8002 | D:7      | Reached XP level 10. HP: 64/69 MP: 8/10
  8129 | D:8      | Found a glowing golden altar of the Shining One.
  9380 | D:7      | Became a worshipper of Gozag Ym Sagoz the Greedy
  9696 | D:9      | Reached skill level 5 in Evocations
 10041 | D:9      | Found a hazy altar of Hepliaklqana.
 10386 | D:9      | Found a staircase to the Lair.
 11017 | D:9      | Found a staircase to the Orcish Mines.
 11134 | D:9      | Reached XP level 11. HP: 77/77 MP: 11/11
 11447 | D:10     | Entered Level 10 of the Dungeon
 11710 | D:10     | Found Zubovoiq's Assorted Antiques.
 11772 | D:10     | Reached skill level 8 in Shapeshifting
 12271 | Lair:1   | Entered Level 1 of the Lair of Beasts
 13541 | Lair:2   | Reached skill level 9 in Shapeshifting
 13974 | Lair:2   | Noticed a manticore
 13975 | Lair:2   | Noticed a manticore
 13978 | Lair:2   | Found a staircase to the Shoals.
 13987 | Lair:2   | Killed a manticore
 13988 | Lair:2   | Reached XP level 12. HP: 31/85 MP: 6/12
 14565 | Lair:2   | Reached skill level 10 in Unarmed Combat
 15019 | Lair:3   | Found a hole to the Spider Nest.
 15029 | Lair:3   | Reached skill level 10 in Shapeshifting
 15660 | Lair:3   | Noticed a seven-headed hydra
 16332 | Lair:4   | Noticed a seven-headed hydra
 16334 | Lair:4   | Noticed a skyshark
 16348 | Lair:4   | Killed a skyshark
 16349 | Lair:4   | Reached skill level 11 in Shapeshifting
 16442 | Lair:4   | Noticed a five-headed hydra
 16443 | Lair:4   | Noticed a death yak
 16443 | Lair:4   | Noticed a death yak
 16444 | Lair:4   | Noticed a death yak
 16551 | Lair:4   | Killed a death yak
 16563 | Lair:4   | Killed a death yak
 16575 | Lair:4   | Killed a death yak
 16603 | Lair:4   | Killed a seven-headed hydra
 16604 | Lair:4   | Reached skill level 12 in Shapeshifting
 16761 | Lair:4   | Killed a five-headed hydra
 16762 | Lair:4   | Reached XP level 13. HP: 47/90 MP: 7/13
 17616 | Lair:4   | Identified a scroll of acquirement
 17616 | Lair:4   | Acquired a manual of Unarmed Combat
 17628 | Lair:5   | Entered Level 5 of the Lair of Beasts
 17801 | Lair:5   | Reached skill level 13 in Shapeshifting
 18153 | Lair:5   | Found a staircase to the Slime Pits.
 18475 | Lair:5   | Slain by a death yak

Illustrated notes

Levels and vault maps discovered:
D:1:      dpeg_arrival_rooms_with_view, layout_loops_ring,
          minmay_misc_feat_diagonals, minmay_pentomino_p4
D:2:      minmay_chambers_of_twos, layout_loops_ring, minmay_misc_feat_plants,
          grunt_decor_mini_mirrors, kennysheep_decorative_pillar,
          uniq_crazy_yiuf_cottage
D:3:      layout_loops_ring, mainiacjoe_overflow_small_starburst,
          mainiacjoe_overflow_alcove_4, uniq_natasha, uniq_sigmund
D:4:      layout_basic, eat_drink_and_be_merry_uskayaw,
          hellmonk_ghost_happy_afterlife, uniq_blork_the_orc, uniq_duvessa
D:5:      layout_rooms, uniq_grinder, uniq_edmund
D:6:      layout_gridville, minmay_temple_entry_grid, serial_bayou,
          serial_bayou_lagoon_b, serial_bayou_pond_d, serial_bayou_pond_d,
          serial_bayou_shore_a, serial_shops, shop_statue
D:7:      layout_gridville, kb_xom_exploding_sheep, minitemple
D:8:      layout_basic, mainiacjoe_overflow_chevrons, minmay_nine_imps
D:9:      layout_long_grid, nicolae_hepliaklqana_monster_ancestors,
          lair_entry_dummy, david_orc_2, serial_co_window_serial,
          co_window_cross_1, co_window_of_opportunity_a, co_window_paths_a,
          co_window_corner_a, co_window_of_opportunity_a,
          co_window_of_opportunity_b, co_window_corner_cb, co_window_paths_c,
          co_window_corner_b, glass_columns_b, glass_columns_b, glass_columns_a,
          glass_columns_b, glass_columns_a, enter_bailey_2, serial_park_tiny_2
D:10:     layout_roguey, serial_shops, nicolae_shop_hallway_plus
Temple:   nicolae_temple_god_jail
Lair:1:   layout_roguey, grunt_megastairs_4
Lair:2:   layout_regular_city, minmay_shoals_entry_beasts,
          infiniplex_staircase_pool_2, lemuel_fruit_fields
Lair:3:   layout_cave_pods, nicolae_spider_entry_orb_guardian,
          columned_hall_lemuel
Lair:4:   layout_roguey
Lair:5:   due_jungle_book, layout_regular_city, minmay_slime_entry_pillars

Skill      XL: |  1  2  3  4  5  6  7  8  9 10 11 12 13 |
---------------+----------------------------------------+-----
Stealth        | 1 2 3 |  3.0
Fighting       | 2 3 4 5 6 8 9 |  9.0
Unarmed Combat | 4 5 6 7 9 10 | 10.8
Throwing       | 3 |  3.0
Shapeshifting  | 7 9 12 13 | 13.3
Dodging        | 6 7 9 |  9.0
Evocations     | 3 5 |  5.0

Action                     |  1- 3 |  4- 6 |  7- 9 | 10-12 | 13-15 || total
---------------------------+-------+-------+-------+-------+-------++-------
  Melee: Unarmed           |    46 |    72 |   239 |   601 |   115 ||  1073
         Constrict         |    19 |    20 |    63 |   111 |    17 ||   230
         Tentacles         |    10 |    16 |    70 |   191 |    39 ||   326
         Punch             |     4 |     1 |     6 |       |     2 ||    13
         Maw               |       |       |       |       |     7 ||     7
  Throw: Dart              |       |       |    25 |       |       ||    25
 Invoke: Potion Petition   |       |       |       |     1 |       ||     1
  Evoke: Wand              |       |       |       |     6 |       ||     6
         Condenser vane    |       |       |       |       |     1 ||     1
    Use: Scroll            |       |     6 |    16 |     6 |     1 ||    29
   Stab: Sleeping          |    11 |     8 |    10 |     4 |       ||    33
         Distracted        |       |     1 |       |     1 |     1 ||     3
         Paralysed         |       |       |       |     6 |       ||     6
 Armour: Skin              |    18 |    14 |   119 |   241 |    33 ||   425
  Dodge: Dodged            |    17 |    33 |   146 |   585 |   103 ||   884
   Form: Flux              |       |       |     3 |       |       ||     3
                           |       |       |     2 |       |       ||     2
         Maw               |       |       |       |       |     1 ||     1

Table legend: (Time is in decaauts)
 A = Elapsed time spent in this place.
 B = Non-inter-level travel time spent in this place.
 C = Inter-level travel time spent in this place.
 D = Time resting spent in this place.
 E = Time spent auto-exploring this place.
 F = Levels seen in this place.
 G = Mean time per level.
                   A        B        C        D        E       F      G
               +--------+--------+--------+--------+--------+-----+--------+
         Total |  18347 |  17556 |    791 |   2712 |  12097 |  16 | 1146.7 |
       Dungeon |  12216 |  11584 |    632 |   2026 |   7680 |  10 | 1221.6 |
        Temple |      1 |      1 |      0 |      0 |      0 |   1 |    1.0 |
          Lair |   6130 |   5973 |    157 |    686 |   4417 |   5 | 1226.0 |
               +--------+--------+--------+--------+--------+-----+--------+

Top non-repeatable levels by time:
     D:6: 2464 daAuts
     D:8: 1664 daAuts
  Lair:4: 1484 daAuts
  Lair:2: 1382 daAuts
     D:9: 1371 daAuts
     D:4: 1303 daAuts
  Lair:3: 1244 daAuts
  Lair:1: 1188 daAuts
     D:7: 1131 daAuts
     D:5: 1010 daAuts
     D:2: 922 daAuts
     D:3: 867 daAuts
  Lair:5: 829 daAuts
    D:10: 809 daAuts
     D:1: 670 daAuts
